 Dungeon Crawl Stone Soup version 0.29-a0-330-g52719c12eb (webtiles) character file.

Game seed: 13311081979068322115

39 kae the Firebug (level 3, -1/19 HPs)
             Began as a Tengu Fire Elementalist on Apr 14, 2022.
             Slain by an orc
             ... wielding a +0 club
              (4 damage)
             ... on level 2 of the Dungeon.
             The game lasted 00:00:35 (1185 turns).

kae the Firebug (Tengu Fire Elementalist)           Turns: 1185, Time: 00:00:36

Health: -1/19      AC:  2    Str:  8    XL:     3   Next: 45%
Magic:  1/7        EV: 12    Int: 17    God:
Gold:   94         SH:  0    Dex: 14    Spells: 0/6 levels left

rFire   . . .      SeeInvis .   c - +0 whip
rCold   . . .      Faith    .   (no shield)
rNeg    . . .      Spirit   .   a - +0 robe
rPois   .          Reflect  .   (helmet restricted)
rElec   .          Harm     .   (no cloak)
rCorr   .          Rampage  .   (no gloves)
Will    .....                   (boots unavailable)
Stlth   ++........              (no amulet)
HPRegen 0.06/turn               (no ring)
MPRegen 0.10/turn               (no ring)

@: no status effects
A: beak, talons 3
a: no special abilities


You were on level 2 of the Dungeon.
You visited 1 branch of the dungeon, and saw 2 of its levels.

You collected 94 gold pieces.

Inventory:

Hand Weapons
 c - a +0 whip (weapon)
Armour
 a - a +0 robe (worn)
Wands
 d - a wand of flame (45)
Potions
 b - a potion of magic
 e - a potion of invisibility
 g - a potion of curing {unknown}
 h - a potion of mutation {unknown}
 i - a potion of brilliance {unknown}


   Skills:
 - Level 2.1 Dodging
 - Level 2.0 Stealth
 + Level 2.4 Spellcasting
 + Level 2.4 Conjurations
 * Level 4.1 Fire Magic


You couldn't memorise any spells.
You knew the following spells:

 Your Spells              Type           Power      Damage    Failure   Level
a - Foxfire               Conj/Fire      52%        2x1d6     4%          1
b - Scorch                Fire           32%        2d7       4%          2
c - Conjure Flame         Conj/Fire      13%        6-21      14%         3

Your spell library contained the following spells:

 Spells                   Type           Power      Damage    Failure   Level
 Inner Flame              Hex/Fire       9%         N/A       24%         3
 Flame Wave               Conj/Fire      13%        2d6       43%         4


Dungeon Overview and Level Annotations

Branches:
Dungeon (2/15)

Altars:


Innate Abilities, Weirdness & Mutations

You have a beak for a mouth.
You have claws for feet.


Message History

The orc closely misses you. The orc misses you.
You hit the orc. You claw the orc, but do no damage.
The orc is moderately wounded.
You hit the orc. Your kick misses the orc. Your peck misses the orc.
The orc is moderately wounded.
You hit the orc. You claw the orc. Your peck misses the orc.
The orc is almost dead.
The orc hits you with a +0 mace.
You are too injured to fight recklessly!
You are too injured to fight recklessly!
You are too injured to fight recklessly!
You are too injured to fight recklessly!
You are too injured to fight recklessly!
You are too injured to fight recklessly!
You closely miss the orc. You claw the orc.
You kill the orc!
You completely miss the orc. Your kick misses the orc.
The orc is moderately wounded.
The orc misses you.
You closely miss the orc.
The orc is moderately wounded.
The orc closely misses you.
You hit the orc. You peck the orc, but do no damage.
The orc is severely wounded.
The orc hits you with a +1 flail of protection.
You hit the orc but do no damage. Your kick misses the orc.
The orc is severely wounded.
The orc hits you with a +1 flail of protection.
* * * LOW HITPOINT WARNING * * *
You hit the orc.
You kill the orc!
You completely miss the orc. The orc hits you with a +0 club.
* * * LOW HITPOINT WARNING * * *
The orc barely misses you.
Casting: Foxfire (safe; 4% risk of failure)
Confirm with . or Enter, or press ? or * to list all spells.
Flames lash the orc.
The orc is severely wounded.
The orc's fire resistance burns away.
The orc hits you with a +0 club.
You die...

#######
#^.ยง..#
#.###.# #.#
#.#
#.###.#####...
#.>...@og.....
#..########...
#.........+
#...#######
#.......#
#.......#
#.#.#
#.......#
#.#.#
#.......#
#.#.#
#.......#
#.#.#


You could see an orc (combustible) and a hobgoblin.

Vanquished Creatures
  An adder (D:2)
  4 orcs (D:2)
  2 bats (D:2)
  An endoplasm (D:1)
  A giant cockroach (D:1)
  4 goblins (D:1)
  A hobgoblin (D:2)
  3 kobolds
  A quokka (D:2)
  4 ball pythons
  2 rats (D:2)
24 creatures vanquished.

Vanquished Creatures (others)
  65 foxfires
65 creatures vanquished.

Grand Total: 89 creatures vanquished

Notes
Turn   | Place    | Note
-------+----------+-------------------------------------------
     0 | D:1      | kae the Tengu Fire Elementalist began the quest for the
                  | Orb.
     0 | D:1      | Reached XP level 1. HP: 10/10 MP: 4/4
   306 | D:1      | Reached XP level 2. HP: 15/15 MP: 3/6
  1110 | D:2      | Reached skill level 4 in Fire Magic
  1110 | D:2      | Reached XP level 3. HP: 19/19 MP: 4/7
  1113 | D:2      | Learned a level 2 spell: Scorch
  1117 | D:2      | Learned a level 3 spell: Conjure Flame
  1185 | D:2      | Slain by an orc

Illustrated notes

Levels and vault maps discovered:
D:1:      dpeg_arrival_radiant, layout_loops_ring
D:2:      layout_basic

Skill      XL: |  1  2 |
---------------+-------+-----
Conjurations   | 2 |  2.4
Fire Magic     | 4 |  4.1
Dodging        | |  2.1
Stealth        | |  2.0
Spellcasting   | |  2.4

Action                   || total
-------------------------++-------
Melee: Whip              ||    25
       Kick              ||     5
       Peck              ||     1
 Cast: Foxfire           ||    41
       Scorch            ||     1
  Use: Scroll            ||     2
Armor: Robe              ||     6
Dodge: Dodged            ||    22

Table legend: (Time is in decaauts)
 A = Elapsed time spent in this place.
 B = Non-inter-level travel time spent in this place.
 C = Inter-level travel time spent in this place.
 D = Time resting spent in this place.
 E = Time spent auto-exploring this place.
 F = Levels seen in this place.
 G = Mean time per level.
                   A        B        C        D        E       F      G
               +--------+--------+--------+--------+--------+-----+--------+
         Total |   1186 |   1175 |     11 |      5 |    992 |   2 |  593.0 |
       Dungeon |   1186 |   1175 |     11 |      5 |    992 |   2 |  593.0 |
               +--------+--------+--------+--------+--------+-----+--------+

Top non-repeatable levels by time:
     D:1: 853 daAuts
     D:2: 333 daAuts
